 Dungeon Crawl Stone Soup version 0.30.0-29-ga12c61a403 (webtiles) character file.

Game seed: 7488032666134625355

17789 AIAndy the Fighter (level 12, 0/90 HPs)
             Began as a Gnoll Wanderer on June 7, 2023.
             Was an Elder of Hepliaklqana.
             Slain by a skeletal warrior
             ... wielding a +0 broad axe
              (6 damage)
             ... on level 11 of the Dungeon.
             The game lasted 01:29:37 (10821 turns).

AIAndy the Fighter (Gnoll Wanderer)                Turns: 10821, Time: 01:29:37

Health: 0/90       AC: 23    Str: 13    XL:     12   Next: 51%
Magic:  0/23       EV:  7    Int: 10    God:    Hepliaklqana [****..]
Gold:   782        SH:  0    Dex: 23    Spells: 26/26 levels left

rFire   . . .        N - +6 falchion (vamp)
rCold   . . .        O - orb {mayhem}
rNeg    . . .        m - +0 plate armour
rPois   .            Z - +1 helmet
rElec   .            w - scarf {repulsion}
rCorr   .            z - +2 pair of gloves
SInv    .            (no boots)
Will    .....        n - amulet of guardian spirit Stlth
                     l - +4 ring of protection
HPRegen 0.35/turn    H - +6 ring of dexterity
MPRegen 0.18/turn

%: mayhem, repel missiles, guardian spirit
@: invisible
A: reduced essence, fangs 1, strong nose, distributed training
a: Renounce Religion, Recall Ancestor, Ancestor Identity, Transference, Idealise


You were on level 11 of the Dungeon.
You worshipped Hepliaklqana.
Hepliaklqana was greatly pleased with you.
You visited 2 branches of the dungeon, and saw 13 of its levels.
You also visited: Ossuary.

You collected 932 gold pieces.
You spent 150 gold pieces at shops.

Inventory:

Hand Weapons
 N - a +6 vampiric falchion (weapon)
Missiles
 u - 2 throwing nets
 x - 3 javelins
 y - 13 poisoned darts
 D - 5 silver javelins
 I - 13 boomerangs (quivered)
 R - 3 curare-tipped darts
Armour
 m - a +0 plate armour (worn)
 r - a scarf of invisibility
 w - a scarf of repulsion (worn)
 z - a +2 pair of gloves (worn)
 A - a +0 troll leather armour
 O - an orb of mayhem (worn)
 U - +0 steam dragon scales
 Z - a +1 helmet (worn)
Jewellery
 c - a ring of wizardry
 l - a +4 ring of protection (left hand)
 n - an amulet of guardian spirit (around neck)
 H - a +6 ring of dexterity (right hand)
 M - a +6 ring of dexterity
Wands
 o - a wand of paralysis (4)
 L - a wand of flame (22)
 T - a wand of polymorph (18)
 W - a wand of mindburst (22)
 X - a wand of roots (12)
Scrolls
 a - 7 scrolls of teleportation
 b - 5 scrolls of blinking
 e - 5 scrolls of amnesia
 g - 3 scrolls of fear
 j - a scroll of poison
 p - a scroll of silence
 q - 4 scrolls of enchant weapon
 t - a scroll of vulnerability
 v - 4 scrolls of enchant armour
 J - a scroll of immolation
 K - a scroll of butterflies
Potions
 d - 10 potions of mutation
 f - 2 potions of berserk rage
 i - 3 potions of might
 k - 6 potions of curing
 s - 2 potions of invisibility
 B - 5 potions of flight
 C - a potion of ambrosia
 E - a potion of magic {unknown}
 F - a potion of brilliance {unknown}
 P - 4 potions of attraction
 Q - a potion of resistance {unknown}
 S - 4 potions of lignification
 Y - 6 potions of haste


   Skills:
 + Level 11.4 Fighting
 + Level 7.6 Short Blades
 + Level 7.6 Long Blades
 + Level 7.6 Axes
 + Level 7.6 Maces & Flails
 + Level 7.6 Polearms
 + Level 7.6 Staves
 + Level 8.1 Ranged Weapons
 + Level 8.1 Throwing
 + Level 8.1 Armour
 + Level 8.1 Dodging
 + Level 8.8 Stealth
 + Level 7.6 Shields
 + Level 7.6 Unarmed Combat
 + Level 7.6 Spellcasting
 + Level 6.3 Conjurations
 + Level 6.3 Hexes
 + Level 6.3 Summonings
 + Level 6.3 Necromancy
 + Level 6.3 Translocations
 + Level 6.3 Transmutations
 + Level 6.3 Fire Magic
 + Level 6.3 Ice Magic
 + Level 6.3 Air Magic
 + Level 6.3 Earth Magic
 + Level 6.3 Poison Magic
 + Level 8.4 Invocations
 + Level 7.6 Evocations


You had 26 spell levels left.
You didn't know any spells.
Your spell library contained the following spells:

 Spells                   Type           Power      Damage    Failure   Level
 Shock                    Conj/Air       64%        1d7       67%         1
 Cigotuvi's Dreadful Rot  Necr/Pois/Air  32%        N/A       82%         2
 Ensorcelled Hibernation  Hex/Ice        32%        N/A       82%         2
 Scorch                   Fire           32%        2d6       82%         2
 Gell's Gravitas          Tloc           16%        N/A       96%         3
 Hailstorm                Conj/Ice       16%        3d6       96%         3
 Ignite Poison            Fire/Tmut/Pois 16%        N/A       96%         3
 Spider Form              Tmut/Pois      16%        N/A       96%         3
 Swiftness                Air            16%        N/A       96%         3
 Teleport Other           Tloc           16%        N/A       96%         3
 Airstrike                Air            8%         2d(2-18)  100%        4
 Anguish                  Hex/Necr       8%         N/A       100%        4
 Dispel Undead            Necr           16%        3d10      100%        4
 Flame Wave               Conj/Fire      16%        2d7       100%        4
 Ice Form                 Ice/Tmut       16%        N/A       100%        4
 Freezing Cloud           Conj/Ice/Air   8%         6-21      100%        5
 Death Channel            Necr           8%         N/A       100%        6
 Dispersal                Tloc           8%         N/A       100%        6
 Simulacrum               Ice/Necr       8%         N/A       100%        6
 Summon Cactus Giant      Summ           8%         N/A       100%        6


Dungeon Overview and Level Annotations

Branches:
Dungeon (12/15)            Temple (1/1) D:7            Lair (0/5) D:11
    Orc (0/2) D:11        Ossuary (visited)

Altars:
Ashenzari
Cheibriados
Dithmenos
Elyvilon
Fedhas
Gozag
Hepliaklqana
Kikubaaqudgha
Makhleb
Nemelex Xobeh
Okawaru
Qazlal
Ru
Sif Muna
Trog
Uskayaw
Vehumet
Wu Jian
Xom
Yredelemnul
Zin
The Shining One
Ignis

Shops:
D:1 :   D:8 !

Portals:
Abyss: D:7

Annotations:
D:7 2 transporters, ripuliukko's ghost, novice DEEE
D:11 3 runed translucent doors, SharpKris's ghost, novice SpHu


Innate Abilities, Weirdness & Mutations

Your life essence is reduced to manifest your ancestor. (-10% HP)
You have very sharp teeth.
Your uncanny sense of smell can sniff out nearby items.
Your experience applies equally to all skills.


Message History

You hit the skeletal warrior but do no damage.
The skeletal warrior is almost destroyed.
You barely miss the skeletal warrior.
You bite the skeletal warrior, but do no damage.
The skeletal warrior is almost destroyed.
The skeletal warrior hits you with a +0 broad axe!
* * * LOW HITPOINT WARNING * * *
You feel much better.
The skeletal warrior hits you with a +0 broad axe!
* * * LOW HITPOINT WARNING * * *
You hit the skeletal warrior but do no damage.
The skeletal warrior is almost destroyed.
The skeletal warrior hits you but does no damage.
The skeletal warrior attacks as you move away!
The skeletal warrior hits you with a +0 broad axe.
* * * LOW HITPOINT WARNING * * *
The skeletal warrior attacks as you move away!
The skeletal warrior hits you but does no damage.
Inhapi emerges from the mists of memory!
The skeletal warrior attacks as you move away!
The skeletal warrior barely misses you.
Inhapi hits the skeletal warrior but does no damage.
The skeletal warrior attacks as you move away!
The skeletal warrior misses you.
The skeletal warrior hits Inhapi with a +0 broad axe!
You hit the skeletal warrior but do no damage.
The skeletal warrior is almost destroyed.
The skeletal warrior hits you with a +0 broad axe!
* * * LOW HITPOINT WARNING * * *
The skeletal warrior hits Inhapi with a +0 broad axe!
You hit the skeletal warrior but do no damage.
The skeletal warrior is almost destroyed.
Inhapi closely misses the skeletal warrior.
The skeletal warrior hits you with a +0 broad axe!
* * * LOW HITPOINT WARNING * * *
The skeletal warrior hits Inhapi with a +0 broad axe!!
Inhapi is destroyed!
You fade into invisibility!
The skeletal warrior hits you with a +0 broad axe!
You die...

####### #.....# #.....#
#.....# #.....#
#.....##################
#......@z........<......
#.....#.......######....
#.....#######..# #....
#.....# ##.#####....
#.....# #### #..........
####### #.>#########....
#.......# #....
#.......# #....
#.......#######.


You could see a skeletal warrior (unable to see you).

Vanquished Creatures
  A boulder beetle (D:11)
  2 two-headed ogres
  A cyclops (D:11)
  A troll (D:12)
  Grinder (D:3)
  4 slime creatures
  A shadow (D:10)
  2 wyverns
  13 yaks
  A steam dragon (D:10)
  A vampire mosquito (D:10)
  A water moccasin (D:7)
  An ice beast (D:8)
  A black bear (D:7)
  2 orc warriors (D:11)
  A sky beast (D:4)
  2 centaurs
  Blork the orc (D:4)
  3 bullfrogs
  7 scorpions
  A wight (D:10)
  3 killer bees
  2 hounds (D:5)
  A human zombie (Ossuary)
  6 orc priests
  A sleepcap (D:5)
  2 gnoll boudas
  An iguana (D:7)
  8 orc wizards
  A scorpion zombie (Ossuary)
  A mummy (Ossuary)
  9 gnolls
  2 adders
  5 shadow imps
  4 dart slugs
  25 orcs
  8 ball pythons
  4 endoplasms (D:1)
  10 giant cockroaches
  2 gnoll zombies (Ossuary)
  11 goblins
  9 hobgoblins
  4 jackals
  8 kobolds
  6 quokkas
  4 bats
  6 frilled lizards
  3 goblin zombies (Ossuary)
  2 hobgoblin zombies (Ossuary)
  4 kobold zombies
  3 orc zombies
  3 rats (D:2)
206 creatures vanquished.

Vanquished Creatures (collateral kills)
  Erica (D:8)
  2 skeletal warriors (D:12)
  An ugly thing (D:11)
  A gargoyle (D:11)
  2 unseen horrors (D:12)
  2 trolls
  4 slime creatures
  A shadow (D:12)
  2 wyverns
  9 yaks
  A wraith (D:12)
  A basilisk (D:12)
  3 steam dragons
  5 vampire mosquitoes (D:11)
  4 orc warriors
  2 ice beasts
  2 black bears
  An ogre (D:6)
  2 centaurs
  A phantom (D:5)
  A kobold brigand (D:7)
  A bullfrog (D:7)
  7 scorpions
  A gnoll sergeant (D:9)
  5 killer bees
  3 howler monkeys
  4 orc priests
  A gnoll bouda (D:7)
  A hound (D:7)
  A battlemage (D:11)
  7 orc wizards
  3 iguanas
  2 scorpion zombies (Ossuary)
  3 mummies
  11 gnolls
  An adder (D:5)
  A shadow imp (D:5)
  A worm (D:4)
  21 orcs
  A gnoll zombie (Ossuary)
  A quokka (D:5)
  4 kobolds (D:7)
  A kobold zombie (D:5)
  An orc zombie (Ossuary)
130 creatures vanquished.

Vanquished Creatures (others)
  A yak (D:10)
  5 battlemagi
  An orc wizard (D:2)
  An orc (D:6)
8 creatures vanquished.

Grand Total: 344 creatures vanquished

Notes
Turn   | Place    | Note
-------+----------+-------------------------------------------
     0 | D:1      | AIAndy the Gnoll Wanderer began the quest for the Orb.
     0 | D:1      | AIAndy set off with the following items: a +2 dagger, a
                  | scroll of blinking, a +0 sling, 10 poisoned darts, a +0
                  | dagger, a potion of berserk rage, a +0 robe.
     0 | D:1      | Reached XP level 1. HP: 26/26 MP: 1/1
    63 | D:1      | Reached XP level 2. HP: 33/33 MP: 2/2
   299 | D:1      | Reached XP level 3. HP: 38/38 MP: 3/3
   634 | D:1      | Reached skill level 1 in Invocations
   712 | D:1      | Found Xougef's Book Emporium.
   925 | D:2      | Found a hazy altar of Hepliaklqana.
   945 | D:2      | Reached skill level 1 in Short Blades
   945 | D:2      | Reached skill level 1 in Long Blades
   945 | D:2      | Reached skill level 1 in Axes
   945 | D:2      | Reached skill level 1 in Maces & Flails
   945 | D:2      | Reached skill level 1 in Polearms
   945 | D:2      | Reached skill level 1 in Staves
   945 | D:2      | Reached skill level 1 in Shields
   945 | D:2      | Reached skill level 1 in Unarmed Combat
   945 | D:2      | Reached skill level 1 in Spellcasting
   945 | D:2      | Reached skill level 1 in Evocations
   952 | D:2      | Became a worshipper of Hepliaklqana the Forgotten
  1100 | D:2      | Reached XP level 4. HP: 45/45 MP: 5/5
  1271 | D:2      | Reached skill level 1 in Conjurations
  1271 | D:2      | Reached skill level 1 in Hexes
  1271 | D:2      | Reached skill level 1 in Summonings
  1271 | D:2      | Reached skill level 1 in Necromancy
  1271 | D:2      | Reached skill level 1 in Translocations
  1271 | D:2      | Reached skill level 1 in Transmutations
  1271 | D:2      | Reached skill level 1 in Fire Magic
  1271 | D:2      | Reached skill level 1 in Ice Magic
  1271 | D:2      | Reached skill level 1 in Air Magic
  1271 | D:2      | Reached skill level 1 in Earth Magic
  1271 | D:2      | Reached skill level 1 in Poison Magic
  1301 | D:2      | Reached XP level 5. HP: 21/51 MP: 7/7
  1954 | D:3      | Noticed Grinder
  1970 | D:3      | Paralysed by Grinder for 5 turns
  1994 | D:3      | Paralysed by Grinder for 2 turns
  1999 | D:3      | Paralysed by Grinder for 2 turns
  2007 | D:3      | Reached XP level 6. HP: 15/57 MP: 8/8
  2007 | D:3      | Killed Grinder
  2282 | D:3      | Found a stormy altar of Qazlal.
  2316 | D:3      | Reached * piety under Hepliaklqana
  2342 | D:3      | Found a broken altar of Ashenzari.
  2342 | D:3      | Found an ancient bone altar of Kikubaaqudgha.
  2347 | D:3      | Found a hazy altar of Hepliaklqana.
  2349 | D:3      | Found a basalt altar of Yredelemnul.
  2350 | D:3      | Found a radiant altar of Vehumet.
  2352 | D:3      | Found a glowing silver altar of Zin.
  2356 | D:3      | Found an iron altar of Okawaru.
  2357 | D:3      | Found a sparkling altar of Nemelex Xobeh.
  2585 | D:4      | Reached XP level 7. HP: 56/56 MP: 10/10
  2878 | D:4      | Noticed Blork the orc
  2886 | D:4      | Reached skill level 5 in Stealth
  2888 | D:4      | Killed Blork the orc
  2889 | D:4      | Reached skill level 9 in Fighting
  3256 | D:5      | Entered Level 5 of the Dungeon
  3389 | D:5      | Found a shimmering altar of Xom.
  3399 | D:5      | Reached XP level 8. HP: 50/63 MP: 12/12
  3728 | D:5      | Reached ** piety under Hepliaklqana
  3729 | D:5      | Remembered your ancestor Inhapi as a battlemage
  4447 | D:6      | Reached XP level 9. HP: 69/69 MP: 13/15
  4759 | D:7      | Reached skill level 5 in Ranged Weapons
  4759 | D:7      | Reached skill level 5 in Throwing
  4759 | D:7      | Reached skill level 5 in Armour
  4759 | D:7      | Reached skill level 5 in Dodging
  4832 | D:7      | Noticed an ancient zyme
  4846 | D:7      | Found a one-way gate to the infinite horrors of the Abyss.
  4846 | D:7      | Noticed ripuliukko's ghost (novice DEEE)
  4847 | D:7      | Noticed a toenail golem
  4850 | D:7      | Noticed a hell hog
  4855 | D:7      | Found a transporter.
  5074 | D:7      | Reached skill level 5 in Invocations
  5111 | D:7      | Found a transporter.
  5121 | D:7      | Found a sand-covered staircase.
  5139 | Ossuary  | Entered an ossuary
  5522 | Ossuary  | Reached skill level 5 in Short Blades
  5522 | Ossuary  | Reached skill level 5 in Long Blades
  5522 | Ossuary  | Reached skill level 5 in Axes
  5522 | Ossuary  | Reached skill level 5 in Maces & Flails
  5522 | Ossuary  | Reached skill level 5 in Polearms
  5522 | Ossuary  | Reached skill level 5 in Staves
  5522 | Ossuary  | Reached skill level 5 in Shields
  5522 | Ossuary  | Reached skill level 5 in Unarmed Combat
  5522 | Ossuary  | Reached skill level 5 in Spellcasting
  5522 | Ossuary  | Reached skill level 5 in Evocations
  5522 | Ossuary  | Reached XP level 10. HP: 76/76 MP: 17/17
  5526 | Ossuary  | Reached skill level 10 in Fighting
  5824 | D:7      | Found a staircase to the Ecumenical Temple.
  5861 | Temple   | Entered the Ecumenical Temple
  6159 | D:8      | Reached *** piety under Hepliaklqana
  6485 | D:8      | Noticed Erica
  6496 | D:8      | Killed Erica
  7077 | D:8      | Found Wankac's Distillery.
  7085 | D:8      | Bought a potion of haste for 150 gold pieces
  7111 | D:8      | Noticed a two-headed ogre
  7117 | D:8      | Killed a two-headed ogre
  7968 | D:10     | Entered Level 10 of the Dungeon
  7977 | D:10     | Reached skill level 5 in Conjurations
  7977 | D:10     | Reached skill level 5 in Hexes
  7977 | D:10     | Reached skill level 5 in Summonings
  7977 | D:10     | Reached skill level 5 in Necromancy
  7977 | D:10     | Reached skill level 5 in Translocations
  7977 | D:10     | Reached skill level 5 in Transmutations
  7977 | D:10     | Reached skill level 5 in Fire Magic
  7977 | D:10     | Reached skill level 5 in Ice Magic
  7977 | D:10     | Reached skill level 5 in Air Magic
  7977 | D:10     | Reached skill level 5 in Earth Magic
  7977 | D:10     | Reached skill level 5 in Poison Magic
  7977 | D:10     | Reached XP level 11. HP: 82/82 MP: 20/20
  9056 | D:11     | Noticed a two-headed ogre
  9141 | D:11     | Noticed a minotaur
  9141 | D:11     | Noticed SharpKris's ghost (novice SpHu)
  9160 | D:11     | Noticed a brown ugly thing
  9169 | D:11     | Killed a brown ugly thing
  9542 | D:11     | Reached skill level 11 in Fighting
  9619 | D:11     | Noticed a boulder beetle
  9637 | D:11     | Killed a boulder beetle
  9644 | D:11     | Killed a two-headed ogre
  9645 | D:11     | Reached XP level 12. HP: 75/90 MP: 22/22
  9726 | D:11     | Found a runed translucent gate.
  9727 | D:11     | Found a runed translucent gate.
  9733 | D:11     | Found a runed translucent gate.
  9733 | D:11     | Identified the +1 hand axe of the Fool {protect, rPois
                  | Str+3 Int-3 Dex+2}
  9832 | D:11     | Reached **** piety under Hepliaklqana
 10063 | D:11     | Found a staircase to the Orcish Mines.
 10165 | D:11     | Found a staircase to the Lair.
 10589 | D:12     | Identified the +5 quarterstaff "Nuaru" {freeze, Int+3}
 10821 | D:11     | Slain by a skeletal warrior

Illustrated notes

Levels and vault maps discovered:
D:1:      psy_arrival_dodecagon, layout_basic, serial_shops, shop
D:2:      cheibrodos_pilgrimage, layout_loops_corners, basic_altar,
          minmay_worlds_worst_comb
D:3:      layout_rooms, nicolae_overflow_hallway_of_the_gods, uniq_grinder
D:4:      layout_basic, minmay_checkerbox, uniq_blork_the_orc
D:5:      layout_basic, amcnicky_altar_gilded, minmay_mini_ossuary
D:6:      layout_rooms
D:7:      layout_loops_ring, temple_hall, nicolae_ossuary_entry_plus,
          gammafunk_ghost_abyssal_escape, kb_lookout_dungeons_type,
          kennysheep_generic_room_8
D:8:      layout_basic, serial_shops, nicolae_square_shop, uniq_erica
D:9:      layout_irregular_city
D:10:     minmay_inner_zag, layout_cross, serial_bayou_pond_c,
          nrook_loot_triangle, minivault_21, st_stairs_6,
          kennysheep_flooded_box, patterned_corridor
D:11:     layout_rooms, lair_entry_dummy, david_orc_4,
          maelrawn_ghost_gauntlet_escape
D:12:     layout_cave_pools
Temple:   ebering_untended_altars

Skill      XL: |  1  2  3  4  5  6  7  8  9 10 11 12 |
---------------+-------------------------------------+-----
Invocations    | 1 2 3 4 5 6 7 8 |  8.4
Short Blades   | 1 2 3 4 5 6 7 |  7.6
Long Blades    | 1 2 3 4 5 6 7 |  7.6
Axes           | 1 2 3 4 5 6 7 |  7.6
Maces & Flails | 1 2 3 4 5 6 7 |  7.6
Polearms       | 1 2 3 4 5 6 7 |  7.6
Staves         | 1 2 3 4 5 6 7 |  7.6
Shields        | 1 2 3 4 5 6 7 |  7.6
Unarmed Combat | 1 2 3 4 5 6 7 |  7.6
Spellcasting   | 1 2 3 4 5 6 7 |  7.6
Evocations     | 1 2 3 4 5 6 7 |  7.6
Conjurations   | 1 2 3 4 5 6 |  6.3
Hexes          | 1 2 3 4 5 6 |  6.3
Summonings     | 1 2 3 4 5 6 |  6.3
Necromancy     | 1 2 3 4 5 6 |  6.3
Translocations | 1 2 3 4 5 6 |  6.3
Transmutations | 1 2 3 4 5 6 |  6.3
Fire Magic     | 1 2 3 4 5 6 |  6.3
Ice Magic      | 1 2 3 4 5 6 |  6.3
Air Magic      | 1 2 3 4 5 6 |  6.3
Earth Magic    | 1 2 3 4 5 6 |  6.3
Poison Magic   | 1 2 3 4 5 6 |  6.3
Ranged Weapons | 3 4 5 6 7 8 |  8.1
Throwing       | 3 4 5 6 7 8 |  8.1
Armour         | 3 4 5 6 7 8 |  8.1
Dodging        | 3 4 5 6 7 8 |  8.1
Stealth        | 5 6 7 8 |  8.8
Fighting       | 9 10 11 | 11.4

Action                     |  1- 3 |  4- 6 |  7- 9 | 10-12 || total
---------------------------+-------+-------+-------+-------++-------
  Melee: Dagger            |    69 |       |       |       ||    69
         Bite              |     7 |    22 |    47 |    54 ||   130
         Whip              |    46 |   180 |   215 |       ||   441
         Punch             |     2 |       |       |       ||     2
         War axe           |       |       |    20 |       ||    20
         Falchion          |       |       |   123 |   296 ||   419
  Throw: Dart              |       |    14 |    14 |    87 ||   115
         Boomerang         |       |       |       |    36 ||    36
 Invoke: Ancestor Life: Ba |       |       |     1 |       ||     1
         Recall Ancestor   |       |       |       |     2 ||     2
  Evoke: Wand              |       |       |       |     1 ||     1
    Use: Potion            |       |     1 |       |     4 ||     5
         Scroll            |       |       |       |    21 ||    21
   Stab: Sleeping          |     4 |       |       |       ||     4
         Distracted        |       |       |     7 |    11 ||    18
 Armour: Robe              |     5 |       |       |       ||     5
         Plate armour      |    34 |   131 |   242 |   202 ||   609
         Scale mail        |     7 |       |       |       ||     7
  Dodge: Dodged            |    42 |    21 |    67 |    86 ||   216
         Repelled          |       |       |     1 |       ||     1
  Block: Buckler           |    10 |    37 |    62 |       ||   109
